AoeStats
← carlosfe93

Arena

505422094Analyzed
2v2 RM · 24d ago on Sep 9, 2026· 39m 44s· 4 players
Game mode
Random Map
Map size
Medium (4 player)
Population
200
Speed
Normal
Resources
Standard
Victory
Conquest
Starting age
Dark Age
Ending age
Imperial Age
RankedLock teamsTeams togetherTeam positionsShared explorationLock speedFull tech treeHidden civsTurbo modeCheats
Victory
Defeat
🇮🇳 Franks · India
873
+12
🇮🇳 Spanish · India
865
+12
🇨🇳 Persians · China
811
-13
🇪🇸 Maya · Spain
759
-11
郁金香没你香
10:26 Feudal Age
10:54 Double-Bit Axe
11:51 Horse Collar
19:51 Castle Age
19:23 Wheelbarrow
25:35 Bow Saw
carlosfe93
3:20 Loom
12:39 Feudal Age
13:26 Double-Bit Axe
13:25 Horse Collar
16:16 Gold Mining
16:17 Stone Mining
22:32 Castle Age
21:35 Forging
22:04 Scale Mail Armor
25:23 Padded Archer Armor
24:45 Elite Skirmisher
25:22 Eagle Warrior
26:27 Leather Archer Armor
26:02 Fletching
26:30 Chain Mail Armor
26:34 Elite Skirmisher
29:32 Bodkin Arrow
34:11 Iron Casting
35:59 Stone Shaft Mining
36:56 Bow Saw
36:49 Heavy Plow
Narendra Nooby
10:44 Feudal Age
15:16 Castle Age
13:39 Double-Bit Axe
13:57 Horse Collar
15:55 Loom
17:44 Bow Saw
18:32 Heavy Plow
29:42 Scale Barding Armor
38:20 Gold Mining
38:20 Stone Mining
39:10 Wheelbarrow
42:14 Imperial Age
40:24 Stone Shaft Mining
40:33 Chain Barding Armor
Murphey
6:13 Loom
12:29 Feudal Age
13:38 Double-Bit Axe
13:48 Stone Mining
14:28 Gold Mining
19:23 Castle Age
18:48 Scale Barding Armor
24:38 Chain Barding Armor
27:01 Forging
34:23 Iron Casting
33:52 Husbandry
37:56 Imperial Age
38:50 Cavalier
Connection lost

Rejoining the realm…

Still unreachable

The connection could not be restored.

Session expired

The server has moved on; the page needs a fresh start.